 Dungeon Crawl Stone Soup version 0.23-a0-270-gab6feb3 (webtiles) character file.

25 women the Covered (level 3, -2/30 HPs)
             Began as a Barachi Fighter on Oct 1, 2018.
             Slain by an orc
             ... wielding a +0 hand axe
              (4 damage)
             ... on level 2 of the Dungeon.
             The game lasted 00:00:40 (550 turns).

women the Covered (Barachi Fighter)                  Turns: 550, Time: 00:00:41

Health: -2/30      AC:  3    Str: 17    XL:     3   Next: 6%
Magic:  3/3        EV:  9    Int:  8    God:
Gold:   74         SH:  9    Dex: 12    Spells: 2/2 levels left

rFire    . . .     SeeInvis .   a - +0 war axe
rCold    . . .     Gourm    .   c - +0 shield
rNeg     . . .     Faith    .   j - +0 leather armour (curse)
rPois    .         Spirit   .   (no helmet)
rElec    .         Reflect  .   (no cloak)
rCorr    .         Harm     .   (no gloves)
MR       .....                  (no boots)
Stlth    +.........             (no amulet)
HPRegen  0.10/turn              (no ring)
MPRegen  0.08/turn              (no ring)

@: slow
A: +LOS, swims, slowness 1, strong legs 1
a: Hop


You were on level 2 of the Dungeon.
You were not hungry.

You visited 1 branch of the dungeon, and saw 2 of its levels.

You collected 74 gold pieces.

Inventory:

Hand Weapons
 a - a +0 war axe (weapon)
Armour
 b - a +0 scale mail
 c - a +0 shield (worn)
 j - a cursed +0 leather armour (worn)
Scrolls
 e - a scroll of teleportation {unknown}
 g - a scroll of amnesia {unknown}
 h - a scroll of fear {unknown}
 i - a scroll of remove curse {unknown}
 k - a scroll of magic mapping {unknown}
Potions
 d - a potion of might
Comestibles
 f - 4 rations


   Skills:
 + Level 3.7 Fighting
 * Level 2.8 Axes
 + Level 3.9 Armour
 + Level 0.4 Dodging
 + Level 3.7 Shields


You had 2 spell levels left.
You didn't know any spells.
Your spell library was empty.

Dungeon Overview and Level Annotations

Branches:
Dungeon (2/15)

Altars:

Annotations:
D:2 Terence


Innate Abilities, Weirdness & Mutations

Shadows flee at your approach. (+LOS)
You can swim through water.
You cover ground slowly.
You can hop short distances.


Message History

Ouch! That really hurt!
The orc hits you with a hand axe.
A giant cockroach comes into view.
You are too injured to fight recklessly!
You are too injured to fight recklessly!
Unknown command.
An adder comes into view.
You block the orc's attack.
Terence zaps a wand.
You block the puff of flame.
It is a wand of flame (12).
The orc barely misses you.
The orc priest looks braver for a moment.
Terence screams, "I'm going to kill you!"
The orc priest casts a cantrip, but nothing happens.
The orc priest invokes the aid of Beogh against you.
Beogh smites you!
* * * LOW HITPOINT WARNING * * *
The orc barely misses you.
There is a stone staircase leading down here.
The orc hits you with a hand axe.
You die...

.≈≈≈P≈.).# ##@#.#
..s≈§≈...# #.#.#
.≈≈≈≈.....# #.o.#
.≈≈≈@≈.?..# ##..#
.≈≈≈≈≈....# #..#
.≈P≈PP...## ##.#
.P≈≈P....# ####g####
.P≈≈≈.[..####...oS..#
P≈≈≈≈≈........##@##.#
≈≈≈≈≈........+.....#
.g≈≈P≈........##.####
≈≈≈≈≈.........'..#
≈≈≈≈≈........)####
.≈≈≈.........[#
≈≈≈≈.......).#
≈≈≈≈.........#
≈#.........#


You could see Terence, an orc priest, an adder, an orc and a goblin.

Vanquished Creatures
  A dart slug (D:1)
  4 bats (D:1)
  2 goblins (D:1)
  4 hobgoblins
  3 jackals (D:1)
  2 frilled lizards (D:2)
  3 kobolds (D:1)
  3 rats (D:1)
22 creatures vanquished.

Notes
Turn   | Place    | Note
-------+----------+-------------------------------------------
     0 | D:1      | women the Barachi Fighter began the quest for the Orb.
     0 | D:1      | Reached XP level 1. HP: 18/18 MP: 1/1
   107 | D:1      | Reached XP level 2. HP: 17/25 MP: 2/2
   524 | D:2      | Reached XP level 3. HP: 30/30 MP: 3/3
   531 | D:2      | Noticed Terence
   550 | D:2      | Slain by an orc

Vault maps used:
D:1:      minmay_arrival_cross
D:2:      first_ration, chequers_big_river, uniq_terence

Action                   || total
-------------------------++-------
Melee: War axe           ||    59
Armor: Scale mail        ||    27
       Leather armour    ||     4
Dodge: Dodged            ||    23
Block: Shield            ||    32

Table legend:
 A = Non-vault XP
 B = Vault XP
 C = Vault XP percentage of total XP
 D = Non-vault monster count
 E = Vault monster count
 F = Vault count percentage of total count
                 A         B        C        D         E       F
            +---------+---------+-------+---------+---------+-------
      Total |      37 |       0 |   0.0 |      22 |       0 |   0.0
            +---------+---------+-------+---------+---------+-------
        D:1 |      33 |       0 |   0.0 |      19 |       0 |   0.0
        D:2 |       4 |       0 |   0.0 |       3 |       0 |   0.0
            +---------+---------+-------+---------+---------+-------
